 Dungeon Crawl Stone Soup version 0.27.1-1-g398f81649c (webtiles) character file.

Game seed: 15399844973465726733

70638 MajorAdolf the Devastator (level 15, 0/276 HPs)
             Began as a Naga Wanderer on Sept 4, 2021.
             Was an Initiate of Gozag.
             Slain by a death yak (17 damage)
             ... on level 6 of the Lair of Beasts on Sept 5, 2021.
             The game lasted 01:00:20 (35563 turns).

MajorAdolf the Devastator (Naga Wanderer)          Turns: 35563, Time: 01:00:20

Health: 0/276      AC: 31    Str: 24    XL:     15   Next: 33%
Magic:  33/39      EV:  1    Int: 18    God:    Gozag
Gold:   1394       SH:  0    Dex:  6    Spells: 34/37 levels left

rFire    . . .     SeeInvis +   w - +11 trident of the Stoat {vorpal, rElec rN+ Str+9 Dex-5}
rCold    + . .     Faith    .   (no shield)
rNeg     + + +     Spirit   .   (armour currently unavailable)
rPois    +         Reflect  .   (helmet currently unavailable)
rElec    +         Harm     .   (cloak currently unavailable)
rCorr    .         Rampage  .   (gloves currently unavailable)
Will     +....     NoTele   +   (no barding)
Stlth    ..........             g - amulet of regeneration
HPRegen  1.56/turn              q - ring of Amurept {rPois rC+ MP+9}
MPRegen  0.26/turn              I - +4 ring of protection

@: berserking (expiring), tree-form (expiring), gold aura, hasted (expiring),
studying Armour, very quick
A: stationary, stasis, torment immunity, boosted hp, AC +5, large, see
invisible, (deformed body), (poison resistance), (slowness 2), spit poison 1,
(naga tail 2), (iridescent scales 1)
a: Spit Poison, Renounce Religion, Potion Petition, Call Merchant, Bribe Branch


You were on level 6 of the Lair of Beasts.
You worshipped Gozag.
Gozag was most pleased with you.
You were a tree.
You visited 4 branches of the dungeon, and saw 19 of its levels.
You visited the Abyss 1 time.
You also visited: Sewer.

You collected 5535 gold pieces.
You spent 612 gold pieces at shops.
You paid 3529 gold pieces to Gozag.

Inventory:

Hand Weapons
 i - a +1 hunting sling of freezing
 s - a +2 falchion of electrocution
 w - the +11 trident of the Stoat (weapon) {vorpal, rElec rN+ Str+9 Dex-5}
   (You took it off a kobold brigand on level 5 of the Dungeon)

   It inflicts extra damage upon your enemies.
   Str:       It affects your strength (+9).
   Dex:       It affects your dexterity (-5).
   rElec:     It insulates you from electricity.
   rN:        It protects you from negative energy.
Missiles
 m - 15 curare-tipped darts
Armour
 G - a +2 leather armour of cold resistance
 H - a +0 pair of gloves (melded)
 U - a +2 hat (melded)
 V - the +0 leather armour of Kummin (melded) {+Blink Regen+}
   (You found it on level 5 of the Lair of Beasts)

   +Blink:    It lets you blink.
   Regen:     It increases your rate of health regeneration.
Magical Staves
 Z - a staff of cold
Jewellery
 c - a +6 ring of strength
 d - a +4 ring of evasion
 e - a +6 ring of strength
 g - an amulet of regeneration (around neck)
 l - a +6 ring of intelligence
 q - the ring of Amurept (left branch) {rPois rC+ MP+9}
   (You found it on level 8 of the Dungeon)

   [ring of magical power]

   rC:        It protects you from cold.
   rPois:     It protects you from poison.
   MP:        It affects your magic capacity (+9).
 x - a ring of fire
 C - an amulet of magic regeneration
 I - a +4 ring of protection (right branch)
 T - a ring of protection from fire
Wands
 a - a wand of iceblast (3)
 o - a wand of charming (20)
 t - a wand of acid (10)
 B - a wand of mindburst (26)
 J - a wand of flame (21)
 O - a wand of paralysis (15)
 Y - a wand of digging (1)
Scrolls
 b - 2 scrolls of enchant armour
 f - 2 scrolls of enchant weapon
 n - 3 scrolls of teleportation
 p - 6 scrolls of identify
 K - a scroll of fog
 N - 3 scrolls of fear
 Q - a scroll of amnesia
 R - a scroll of magic mapping
Potions
 h - 3 potions of curing
 j - 5 potions of ambrosia
 z - 6 potions of attraction
 A - 3 potions of brilliance
 D - 4 potions of might
 F - a potion of lignification
 W - a potion of cancellation
Miscellaneous
 X - a piece from Xom's chessboard (15/15)


   Skills:
 - Level 5.0 Fighting
 - Level 1.0 Throwing
 - Level 7.0 Stealth
 + Level 11.5 Spellcasting
 - Level 18.0 Conjurations
 - Level 1.0 Translocations
 - Level 13.0 Earth Magic


You had 34 spell levels left.
You knew the following spells:

 Your Spells              Type           Power      Damage    Failure   Level
b - Stone Arrow           Conj/Erth      100%       3d13      1%          3

Your spell library contained the following spells:

 Spells                   Type           Power      Damage    Failure   Level
 Magic Dart               Conj           100%       1d8       0%          1
 Sandblast                Erth           100%       2d20      1%          1
 Shock                    Conj/Air       100%       1d9       1%          1
 Conjure Flame            Conj/Fire      42%        6-21      1%          3
 Mephitic Cloud           Conj/Pois/Air  31%        N/A       1%          3
 Corona                   Hex            11%        N/A       7%          1
 Sting                    Tmut/Pois      40%        1d5       7%          1
 Blink                    Tloc           N/A        N/A       7%          2
 Call Imp                 Summ           10%        N/A       11%         2
 Corpse Rot               Necr/Air       N/A        N/A       11%         2
 Ensorcelled Hibernation  Hex/Ice        20%        N/A       11%         2
 Poisonous Vapours        Pois/Air       20%        N/A       11%         2
 Slow                     Hex            10%        N/A       11%         2
 Lesser Beckoning         Tloc           6%         N/A       14%         3
 Freezing Cloud           Conj/Ice/Air   15%        6-21      16%         5
 Confusing Touch          Hex            10%        N/A       21%         3
 Swiftness                Air            10%        N/A       21%         3
 Tukima's Dance           Hex            10%        N/A       21%         3
 Vampiric Draining        Necr           5%         2d6       21%         3
 Passage of Golubria      Tloc           N/A        N/A       41%         4
 Airstrike                Air            5%         N/A       56%         4
 Dispel Undead            Necr           10%        3d9       56%         4
 Olgreb's Toxic Radiance  Pois           10%        N/A       56%         4
 Manifold Assault         Tloc           13%        N/A       77%         5
 Yara's Violent Unravell  Hex/Tmut       5%         3d4       88%         5
 Death Channel            Necr           5%         N/A       100%        6


Dungeon Overview and Level Annotations

Branches:
Dungeon (11/15)            Temple (1/1) D:4            Lair (6/6) D:8
 Shoals (0/4) Lair:4       Spider (0/4) Lair:4        Slime (0/5) Lair:5
    Orc (1/2) D:10          Sewer (visited)

Altars:
Ashenzari
Cheibriados
Dithmenos
Elyvilon
Fedhas
Gozag
Hepliaklqana
Kikubaaqudgha
Makhleb
Nemelex Xobeh
Okawaru
Qazlal
Ru
Sif Muna
Trog
Uskayaw
Vehumet
Wu Jian
Xom
Yredelemnul
Zin
The Shining One
Lugonu

Shops:
D:1 (   D:8 [   D:9 =   Lair:4 :   Lair:5 =   Lair:6 [

Portals:
Abyss: Lair:6

Annotations:
D:3 3 runed translucent doors, mandor's ghost, amateur DjIE


Innate Abilities, Weirdness & Mutations

You are a tree.
Your roots penetrate the ground, keeping you stationary.
You cannot be teleported.
You are immune to unholy pain and torment.
Your maximum health is greatly increased.
Your equipment is partially melded.
((Your serpentine skin is tough. (AC +5)))
You have supernaturally acute eyesight. (SInv)
((Armour fits poorly on your strangely shaped body.))
((Your system is resistant to poisons. (rPois)))
((You cover ground very slowly.))
You can spit poison.
((You can use your snake-like lower body to constrict enemies.))
((You are partially covered in iridescent scales. (AC +2)))


Message History

* * * LOW HITPOINT WARNING * * *
The death yak gores you but does no damage.
You puncture the death yak!
You kill the death yak!
The death yak gores you!
* * * LOW HITPOINT WARNING * * *
The death yak gores you.
* * * LOW HITPOINT WARNING * * *
Unknown command.
You cannot move.
Unknown command.
Unknown command.
You puncture the death yak!
The death yak is lightly wounded.
Your transformation is almost over.
The death yak gores you but does no damage.
You puncture the death yak!
The death yak is moderately wounded.
The death yak gores you.
* * * LOW HITPOINT WARNING * * *
The death yak gores you but does no damage.
You puncture the death yak!
The death yak is heavily wounded.
Your extra speed is starting to run out.
The death yak gores you.
* * * LOW HITPOINT WARNING * * *
The death yak gores you but does no damage.
Unknown command.
You puncture the death yak!
The death yak is severely wounded.
The death yak gores you but does no damage. x2
Unknown command.
You puncture the death yak!
The death yak is almost dead.
The death yak completely misses you.
You puncture the death yak!
You kill the death yak!
The death yak gores you!
You die...
Your body crumbles into a pile of gold.

.............###.......#......P#.
................#................
...... ..........................
...#.. .......................
...# .#####................. ..##
#................. .#
##................
###............#... #
#P♣$.........###...
....###$$Y..........#.... .
..##.#........####=......
....$..$......####........
.......P.#....#.##...##...
........#.......###..#.#..
........##....#..#........
.......$$......###........
..............## ##.#.....


You could see a death yak.

Vanquished Creatures
  13 hydras
  A boulder beetle (Lair:4)
  An anaconda (Lair:5)
  2 catoblepae
  4 two-headed ogres
  11 death yaks
  3 thrashing horrors (Lair:6)
  An orc high priest (Orc:1)
  Sonja (Lair:5)
  3 fire crabs
  3 skeletal warriors (D:11)
  A lindwurm (Lair:3)
  2 ugly things (Lair:6)
  2 oklob plants
  A cyclops (D:8)
  A manticore (D:9)
  19 elephants
  2 smoke demons (Lair:6)
  9 black mambas
  2 torpor snails
  13 cane toads
  19 komodo dragons
  5 rime drakes
  An ancient zyme (Lair:6)
  2 trolls (D:10)
  2 polar bears
  2 large abominations (Lair:6)
  A meliai zombie (D:11)
  23 blink frogs
  12 small abominations (Lair:6)
  A ynoxinul (Lair:6)
  2 spriggans (Lair:6)
  25 yaks
  5 wyverns
  6 basilisks
  A steam dragon (D:8)
  4 chaos spawn (Lair:6)
  Menkaure (D:7)
  17 water moccasins
  6 orc warriors
  2 sky beasts (D:5)
  2 necrophages
  An ice beast (D:8)
  7 wolves
  3 ogres
  8 centaurs
  2 phantoms
  3 kobold brigands
  16 bullfrogs
  2 scorpions (D:5)
  A wyvern zombie (D:6)
  A water moccasin zombie (D:5)
  2 wyvern skeletons (D:7)
  6 killer bees
  7 howler monkeys
  An electric eel (Lair:5)
  3 centaur zombies
  2 orc priests
  A jelly (D:4)
  A bullfrog skeleton (D:5)
  4 iguanas
  6 orc wizards
  Natasha (twice) (D:2)
  13 hell rats
  A killer bee zombie (D:6)
  2 howler monkey zombies
  12 adders
  8 gnolls
  A river rat (D:8)
  A howler monkey skeleton (D:7)
  A shadow imp (D:7)
  2 worms
  3 dart slugs
  28 orcs
  15 endoplasms
  14 giant cockroaches
  7 goblins
  10 hobgoblins
  8 jackals
  14 quokkas
  27 ball pythons
  6 bats
  20 frilled lizards
  17 kobolds
  9 rats
532 creatures vanquished.

Vanquished Creatures (others)
  A hell rat (D:8)
  2 kobolds (D:6)
  A bush (Lair:6)
  67 fungi
  106 plants
177 creatures vanquished.

Grand Total: 709 creatures vanquished

Notes
Turn   | Place    | Note
-------+----------+-------------------------------------------
     0 | D:1      | MajorAdolf the Naga Wanderer began the quest for the Orb.
     0 | D:1      | MajorAdolf set off with the following items: a +0 club, a
                  | +0 robe; and the following spells available to memorise:
                  | Magic Dart, Sandblast, Shock, Blink, Stone Arrow, Call Imp,
                  | Slow, Conjure Flame, Mephitic Cloud
     0 | D:1      | Reached XP level 1. HP: 15/15 MP: 4/4
     2 | D:1      | Learned a level 1 spell: Magic Dart
   493 | D:1      | Reached XP level 2. HP: 22/22 MP: 1/6
   852 | D:1      | Reached skill level 3 in Conjurations
  1773 | D:1      | Found a faded altar of an unknown god.
  1795 | D:1      | Reached XP level 3. HP: 28/28 MP: 1/7
  2017 | D:1      | Found Ytatid's Antique Weapon Boutique.
  2674 | D:2      | Noticed Natasha
  2687 | D:2      | Killed Natasha
  2688 | D:2      | Reached skill level 4 in Conjurations
  2688 | D:2      | Reached XP level 4. HP: 23/36 MP: 1/8
  3262 | D:2      | Learned a level 3 spell: Stone Arrow
  3375 | D:2      | Noticed Natasha
  3387 | D:2      | Killed Natasha
  3826 | D:2      | Reached XP level 5. HP: 42/42 MP: 9/9
  4240 | D:3      | Found a runed translucent gate.
  4240 | D:3      | Found a runed translucent gate.
  4241 | D:3      | Found a runed translucent gate.
  4242 | D:3      | Noticed a kobold brigand
  4242 | D:3      | Noticed mandor's ghost (amateur DjIE)
  4622 | D:3      | Reached skill level 5 in Conjurations
  5466 | D:3      | Reached XP level 6. HP: 49/49 MP: 7/11
  6771 | D:4      | Found a staircase to the Ecumenical Temple.
  6803 | Temple   | Entered the Ecumenical Temple
  7076 | Temple   | Became a worshipper of Gozag Ym Sagoz the Greedy
  7248 | D:4      | Reached XP level 7. HP: 55/55 MP: 2/13
  7559 | D:4      | Reached skill level 6 in Conjurations
  7812 | D:5      | Entered Level 5 of the Dungeon
  8266 | D:5      | Reached skill level 1 in Fighting
  8298 | D:5      | Identified the +11 trident of the Stoat {vorpal, rElec rN+
                  | Str+9 Dex-5}
  8308 | D:5      | Reached skill level 5 in Earth Magic
  8308 | D:5      | Reached XP level 8. HP: 28/64 MP: 0/14
  9977 | D:6      | Reached skill level 7 in Conjurations
 10148 | D:6      | Found a glowing drain.
 10185 | Sewer    | Entered a sewer
 10235 | Sewer    | Reached skill level 5 in Stealth
 11010 | D:6      | Noticed a komodo dragon
 11129 | D:5      | Reached XP level 9. HP: 66/76 MP: 5/15
 11209 | D:6      | Killed a komodo dragon
 11776 | D:6      | Found a radiant altar of Vehumet.
 12282 | D:7      | Noticed Menkaure
 12284 | D:7      | Killed Menkaure
 12347 | D:7      | Reached skill level 8 in Conjurations
 13262 | D:7      | Reached skill level 5 in Fighting
 13826 | D:8      | Noticed a cyclops
 13830 | D:8      | Killed a cyclops
 13923 | D:8      | Found Onkiussu's Antique Armour Shop.
 13973 | D:8      | Reached skill level 9 in Conjurations
 13976 | D:8      | Reached XP level 10. HP: 87/88 MP: 12/16
 14009 | D:8      | Noticed a two-headed ogre
 14061 | D:8      | Killed a two-headed ogre
 14316 | D:8      | Noticed a death yak
 14714 | D:8      | Noticed a death yak
 14716 | D:8      | Found a staircase to the Lair.
 14721 | D:8      | Noticed a death yak
 14730 | D:8      | Killed a death yak
 14731 | D:8      | Reached skill level 10 in Conjurations
 14898 | D:9      | Killed a death yak
 15534 | D:9      | Reached skill level 10 in Earth Magic
 15534 | D:9      | Noticed a manticore
 15547 | D:9      | Killed a manticore
 15548 | D:9      | Reached skill level 11 in Conjurations
 15548 | D:9      | Reached XP level 11. HP: 24/94 MP: 4/17
 15715 | D:9      | Found a blossoming altar of Fedhas.
 15745 | D:9      | Found a broken altar of Ashenzari.
 15753 | D:9      | Found a shimmering blue altar of Sif Muna.
 15757 | D:9      | Found a glowing golden altar of the Shining One.
 15967 | D:9      | Bought a +4 ring of protection for 612 gold pieces
 16004 | D:10     | Entered Level 10 of the Dungeon
 16083 | D:10     | Noticed a two-headed ogre
 16087 | D:10     | Killed a two-headed ogre
 16349 | D:10     | Found an iron altar of Okawaru.
 16353 | D:10     | Found a staircase to the Orcish Mines.
 16722 | D:10     | Found a sacrificial altar of Ru.
 16840 | D:10     | Found a sparkling altar of Nemelex Xobeh.
 16986 | D:10     | Found a hide-covered altar of Uskayaw.
 17256 | D:11     | Noticed a skeletal warrior
 17257 | D:11     | Noticed a skeletal warrior
 17257 | D:11     | Noticed a skeletal warrior
 17265 | D:11     | Gained mutation: You are partially covered in iridescent
                  | scales. (AC +2) [potion of mutation]
 17288 | D:11     | Killed a skeletal warrior
 17300 | D:11     | Killed a skeletal warrior
 17312 | D:11     | Killed a skeletal warrior
 17313 | D:11     | Reached skill level 12 in Conjurations
 17424 | D:11     | Noticed a two-headed ogre
 17433 | D:11     | Killed a two-headed ogre
 17552 | D:11     | Noticed a two-headed ogre
 17566 | D:11     | Killed a two-headed ogre
 17690 | D:11     | Noticed an ogre mage
 17860 | Orc:1    | Entered Level 1 of the Orcish Mines
 17860 | Orc:1    | Noticed an orc high priest
 18055 | Orc:1    | Killed an orc high priest
 18283 | Orc:1    | Noticed an orc warlord
 18303 | D:10     | Reached XP level 12. HP: 97/103 MP: 6/18
 19168 | D:9      | Killed a death yak
 20220 | D:8      | Identified the ring of Amurept {rPois rC+ MP+9}
 20292 | Lair:1   | Entered Level 1 of the Lair of Beasts
 20606 | Lair:2   | Reached skill level 13 in Conjurations
 20723 | Lair:1   | Noticed a five-headed hydra
 20730 | Lair:2   | Killed a five-headed hydra
 20989 | Lair:2   | Found a shimmering altar of Xom.
 21232 | Lair:2   | Noticed a seven-headed hydra
 21353 | Lair:2   | Killed a seven-headed hydra
 22751 | Lair:3   | Noticed a seven-headed hydra
 22790 | Lair:3   | Killed a seven-headed hydra
 22873 | Lair:3   | Reached skill level 14 in Conjurations
 23161 | Lair:3   | Noticed a six-headed hydra
 23167 | Lair:3   | Killed a six-headed hydra
 23370 | Lair:3   | Found a broken altar of Ashenzari.
 23819 | Lair:3   | Noticed a five-headed hydra
 23824 | Lair:3   | Killed a five-headed hydra
 23825 | Lair:3   | Gained mutation: You can use your snake-like lower body to
                  | constrict enemies. [Naga growth]
 23825 | Lair:3   | Reached XP level 13. HP: 98/109 MP: 15/19
 24250 | Lair:3   | Reached skill level 15 in Conjurations
 25406 | Lair:3   | HP: 1/163 [blink frog (13)]
 25581 | Lair:4   | Reached skill level 16 in Conjurations
 26227 | Lair:4   | Found a staircase to the Shoals.
 26358 | Lair:4   | Reached skill level 5 in Spellcasting
 26550 | Lair:4   | Found a hole to the Spider Nest.
 28355 | Lair:5   | Reached XP level 14. HP: 91/117 MP: 4/23
 28762 | Lair:5   | Reached skill level 17 in Conjurations
 29183 | Lair:5   | Found a staircase to the Slime Pits.
 30164 | Lair:5   | Noticed Sonja
 30166 | Lair:5   | Killed Sonja
 31124 | Lair:5   | Identified the +0 leather armour of Kummin {+Blink Regen+}
 31658 | Lair:6   | Entered Level 6 of the Lair of Beasts
 33103 | Lair:6   | Cast into level 1 of the Abyss (spriggan)
 33151 | Lair:6   | Escaped the Abyss
 33252 | Lair:6   | Found a corrupted altar of Lugonu.
 33252 | Lair:6   | Found a one-way gate to the infinite horrors of the Abyss.
 33538 | Lair:6   | Reached skill level 18 in Conjurations
 33552 | Lair:6   | Reached XP level 15. HP: 123/123 MP: 19/28
 33849 | Lair:6   | Reached skill level 10 in Spellcasting
 34857 | Lair:6   | Found an ancient bone altar of Kikubaaqudgha.
 35085 | Lair:6   | Upgraded the game from 0.27.1 to 0.27.1-1-g398f81649c
 35560 | Lair:6   | HP: 13/276 [death yak (4)]
 35563 | Lair:6   | Slain by a death yak

Illustrated notes

Levels and vault maps discovered:
D:1:      arrival_zaba_pyramid, layout_basic, serial_shops,
          nicolae_shop_behind_doors,
          hellmonk_ecumenical_altar_pennies_from_heaven
D:2:      layout_basic, item_on_display_a, uniq_natasha
D:3:      layout_loops_cross, gammafunk_ghost_nasty_kobolds,
          kennysheep_generic_room_11
D:4:      layout_basic, minmay_temple_entry_drinking_statues, nrook_campfire
D:5:      layout_basic
D:6:      layout_basic, fiery_altar_vehumet, portal_sewer_entry_b
D:7:      layout_basic, minmay_holes, uniq_menkaure
D:8:      minmay_weird_star, layout_basic, dpeg_lair_monsters, serial_shops,
          nicolae_inconvenience_store, amethyst_killhole,
          kennysheep_just_a_vault
D:9:      layout_basic, minmay_overflow_temple_star_quad,
          nicolae_overflow_hidden_temple, statue_in_the_mist_lemuel,
          dk_noncrumbling_4, minivault_16, minmay_curled_crystal
D:10:     layout_roguey, old_standard_altar, lemuel_doored_altar,
          nemelex_altar_shiori, nicolae_uskayaw_suspiria
D:11:     layout_gridville, serial_shops,
          nicolae_shop_competitors_out_of_business, minmay_the_grid_2x2
          [minmay_the_grid_large_cup, minmay_the_grid_diamond_grid,
          minmay_the_grid_empty, minmay_the_grid_prize_big_room]
Temple:   nicolae_temple_figure_eight
Lair:1:   layout_gridlike, minivault_11, lemuel_old_faithful, grunt_megastairs_3
Lair:2:   layout_roguey, st_stairs_9, lemuel_centaur_altar
Lair:3:   cheibrodos_lair_river_kwai, layout_regular_city, basic_altar
Lair:4:   layout_cave_pods, elwin_shoals_entry_rocks,
          spider_nest_entry_web_field
Lair:5:   nzn_winding_woodlands_huge [nzn_winding_woodlands_5x15_cabin,
          nzn_winding_woodlands_5x15_pockets, nzn_winding_woodlands_5x15_parted,
          nzn_winding_woodlands_5x15_garden,
          nzn_winding_woodlands_5x15_longhouse,
          nzn_winding_woodlands_5x15_split_checker,
          nzn_winding_woodlands_5x15_pool, nzn_winding_woodlands_5x15_sawtooth,
          nzn_winding_woodlands_5x15_pathside_ponds,
          nzn_winding_woodlands_5x15_river_crossing,
          nzn_winding_woodlands_center_pierced_h,
          nzn_winding_woodlands_center_triple_pond,
          nzn_winding_woodlands_15x15_thick_spiral], layout_gridlike,
          slime_dummy, st_stairs_6, serial_bayou_lagoon_a, uniq_sonja
Lair:6:   hellmonk_lair_end_abyssal_woods, layout_layer_cave,
          lemuel_oklob_altar, lemuel_fruit_fields
Orc:1:    layout_caves, uniq_urug

Skill      XL: |  1  2  3  4  5  6  7  8  9 10 11 12 13 14 15 |
---------------+----------------------------------------------+-----
Conjurations   | 3 4 5 6 7 9 11 12 14 16 18 | 18.0
Earth Magic    | 3 5 6 7 10 11 13 | 13.0
Spellcasting   | 4 6 9 11 | 11.5
Stealth        | 3 6 7 |  7.0
Fighting       | 1 3 5 |  5.0
Throwing       | |  1.0
Translocations | |  1.0

Action                   |  1- 3 |  4- 6 |  7- 9 | 10-12 | 13-15 || total
-------------------------+-------+-------+-------+-------+-------++-------
Melee: Club              |     7 |       |       |       |       ||     7
       Dagger            |    17 |     9 |       |       |       ||    26
       Trident           |       |       |     1 |   111 |   237 ||   349
       Constrict         |       |       |       |       |    23 ||    23
 Fire: Hunting sling     |       |    58 |   276 |    62 |    17 ||   413
 Cast: Magic Dart        |    71 |   148 |       |       |       ||   219
       Stone Arrow       |       |     3 |   105 |   212 |   494 ||   814
Invok: Call Merchant     |       |       |       |     1 |     3 ||     4
       Potion Petition   |       |       |       |       |     1 ||     1
 Abil: Spit Poison       |    13 |     6 |     5 |     1 |       ||    25
       Evoke Blink       |       |       |       |       |     3 ||     3
Evoke: Wand              |       |       |     2 |    21 |     3 ||    26
  Use: Scroll            |       |       |     7 |     5 |     6 ||    18
       Potion            |       |       |       |    14 |    10 ||    24
 Stab: Sleeping          |       |       |       |     2 |       ||     2
       Distracted        |       |       |       |     1 |     3 ||     4
Armor: Robe              |     6 |     8 |    25 |       |       ||    39
       Leather armour    |       |       |     5 |   134 |   343 ||   482
       Skin              |       |       |       |       |    38 ||    38
Dodge: Dodged            |    45 |    70 |    91 |   231 |   245 ||   682
